Cogmind - Beta 16 @@@ ROGUE MODE // 2025.10.21 @ 21:06:09 Player: BlobtheGreat Result: Destroyed by P-60 Hacker with Shock Rifle Performance ------------- Evolutions (4) 2000 Regions Visited (8) 1600 Robots Destroyed (50) 250 Value Destroyed (1207) 1207 Prototype IDs (33) 660 Alien Tech Used (0) 0 Bonus (1299) 1299 TOTAL SCORE: 7016 Bonus ------- Follower Combat Kills 81 Delivered SUBCON Basin 2000 Registered with UFD 300 Met Optimus in HQ 500 Friendly Fire -1582 Cogmind --------- Core Integrity 0/850 Matter 15/300 Energy 99/100 System Corruption 21% Temperature Cool (0) Movement Core (50) Location -6/Factory Parts ------- > --- POWER (2) -------- (None) > --- PROPULSION (5) --- (None) > --- UTILITY (5) ------ Experimental Signal Interpreter Makeshift Hacking Suite Tech Extrapolator > --- WEAPON (3) ------- (None) > --- INVENTORY (5) ---- Micro Nuclear Core Gravmag System Combat Airjet Machine Rigger Long-range Missile Launcher Peak State ------------ > --- POWER ------------ Makeshift Power Source Angular Momentum Engine > --- PROPULSION ------- Medium Treads Medium Treads Medium Treads Medium Treads Medium Treads > --- UTILITY ---------- Large Storage Unit Advanced Sensor Array Makeshift Hacking Suite Improved System Shield Tech Extrapolator > --- WEAPON ----------- Phase Cannon Assault Rifle Antimatter Cannon > --- INVENTORY -------- Gravmag System Combat Airjet Experimental Signal Interpreter Seismic Detector Improved Reaction Control System Hacking Suite Authchip [Processor] Authchip [Armor] Machine Rigger Powered Cannon Long-range Missile Launcher CPS Tube Mining Claw [Rating: 68] Favorites ----------- Power Makeshift Power Source Engine Makeshift Power Source Power Core Fission Core Propulsion Light Treads Treads Light Treads Wheel Subdweller Monowheel Hover Unit Improved Gravmag System Utility Seismic Detector Device Seismic Detector Storage Large Storage Unit Processor Tech Extrapolator Hackware Improved System Shield Protection Medium Insulated Plating Weapon Assault Rifle Energy Gun Subdweller Laser Energy Cannon Subdweller Beam Cannon Ballistic Gun Assault Rifle Ballistic Cannon Antimatter Cannon Launcher Grenade Launcher Slashing Weapon Mining Claw Build | -11 -10 -10 -10 -9 -9 -6 -6 -6 ------- Run | Yrd Mat Min Sub Rec Scr Fac Was Fac Slots Evolved 8 | . . . . . . 8 . . Power 1 | . . . . . . 1 . . Propulsion 3 | . . . . . . 3 . . Utility 3 | . . . . . . 3 . . Weapon 1 | . . . . . . 1 . . Parts Attached 58 | 7 5 3 19 1 1 13 3 6 Power 6 | 1 . 1 2 . . 1 . 1 Engine 5 | 1 . 1 2 . . 1 . . Core 1 | . . . . . . . . 1 Reactor . | . . . . . . . . . Propulsion 20 | 2 . . 9 . . 7 . 2 Treads 13 | 2 . . 4 . . 7 . . Leg . | . . . . . . . . . Wheel 5 | . . . 5 . . . . . Hover 2 | . . . . . . . . 2 Flight . | . . . . . . . . . Utility 18 | 2 1 1 5 . 1 3 3 2 Device 7 | 1 . 1 3 . . . 1 1 Storage 4 | 1 1 . 2 . . . . . Processor 3 | . . . . . 1 . 1 1 Hackware 3 | . . . . . . 2 1 . Protection 1 | . . . . . . 1 . . Artifact . | . . . . . . . . . Weapon 14 | 2 4 1 3 1 . 2 . 1 Energy Gun 2 | . . . 2 . . . . . Energy Cannon 5 | . 2 1 1 . . 1 . . Ballistic Gun 4 | 2 1 . . . . . . 1 Ballistic Cannon 1 | . . . . . . 1 . . Launcher 1 | . 1 . . . . . . . Special Weapon . | . . . . . . . . . Impact Weapon . | . . . . . . . . . Slashing Weapon 1 | . . . . 1 . . . . Piercing Weapon . | . . . . . . . . . Special Melee Weapon . | . . . . . . . . . Unidentified Prototypes 5 | . 1 . 1 . . 1 1 1 Corrupted Parts 2 | . . . . . . 1 1 . System Corruption 8 | . . . . . . 2 6 . Parts Lost 20 | . . 1 15 . . . . 4 Power 4 | . . 1 2 . . . . 1 Propulsion 7 | . . . 6 . . . . 1 Utility 5 | . . . 3 . . . . 2 Weapon 3 | . . . 3 . . . . . Highest Loss Streak 7 | . . 1 7 . . . . 4 To Critical Strikes 1 | . . . 1 . . . . . Average Backups 16 | 5 12 14 18 18 16 13 7 4 Power 1 | . 1 . 1 1 . . . . Propulsion 3 | 3 5 3 3 5 3 1 2 1 Utility 5 | . 2 4 5 5 8 8 3 1 Weapon 6 | . 3 7 8 6 3 3 1 1 Tool/Special . | . . . . . . . . . Unused Backups 32 | . 4 . 4 . 13 2 6 3 Power 2 | . . . . . 1 . . 1 Propulsion 7 | . 4 . 1 . . 1 . 1 Utility 16 | . . . 2 . 9 1 4 . Weapon 6 | . . . 1 . 3 . 1 1 Tool/Special 1 | . . . . . . . 1 . Average Slot Usage (%) 93 | . 100 99 95 85 97 90 74 44 Engine 13 | . 14 13 13 14 14 8 4 . Treads 23 | . 28 28 25 7 25 31 33 2 Wheel 3 | . . . 2 20 2 . . . Device 8 | . 14 14 10 . 8 6 6 4 Storage 13 | . 14 14 14 14 14 6 2 . Processor 1 | . . . . . 3 6 7 13 Energy Gun 1 | . . . 3 . . . . . Energy Cannon 9 | . 3 5 12 14 2 4 2 . Ballistic Gun 11 | . 23 22 11 7 11 6 2 . Slashing Weapon 3 | . . . . 6 14 . . . Peak Build Rating 68 | 7 10 10 35 35 23 65 68 50 Average Rating 22 | 6 8 9 20 32 18 56 49 37 On Entrance 24 | . 7 10 9 35 23 22 65 49 Avg Prop Armor Cover (%) 16 | . . . 14 12 13 . 44 44 Naked Turns . | . . . . . . . . . Heaviest Build 214 | 14 32 34 214 214 214 63 63 11 Greatest Support 140 | 40 40 40 40 40 40 140 140 22 Greatest Overweight (x) 10 | . . . 5 10 10 . . 1 Average Overweight (x) 2 | . . . 2 7 1 . . . Largest Inventory Capacity 35 | 8 15 15 35 35 35 15 15 5 Average Capacity 23 | 7 14 15 26 35 18 15 7 5 Most Carried 35 | 8 15 15 34 35 34 15 15 5 Average Carried 21 | 5 12 14 24 33 17 14 7 4 Final Capacity 35 | 8 15 15 35 35 15 15 5 5 Final Carried 34 | 8 15 14 34 34 15 15 5 5 Class Distribution -------------------- 42% | Mutant 23% | Commander-Mutant 19% | Hauler-Mutant 8% | Scavenger-Mutant 3% | Tank Dominant Class ---------------- Mutant | -10/Materials Mutant | -10/Mines Mutant | -10/Subcaves Hauler-Mutant | -9/Recycling Commander-Mutant | -9/Scraptown Tank | -6/Factory Hacker-Mutant | -6/Waste Hacker-Mutant | -6/Factory Resources | -11 -10 -10 -10 -9 -9 -6 -6 -6 ----------- Run | Yrd Mat Min Sub Rec Scr Fac Was Fac Matter Collected 1170 | 374 86 98 468 40 40 36 . 28 Remotely . | . . . . . . . . . Salvage Created 1848 | 201 180 . 791 546 . 130 . . Parts 105 | 21 16 . 42 19 . 7 . . Haulers Intercepted 1 | . 1 . . . . . . . Recyclers Shooed 1 | 1 . . . . . . . . Parts Field Recycled . | . . . . . . . . . Retrieved Matter . | . . . . . . . . . Parts Self-Destructed 22 | . . . 22 . . . . . Prevented . | . . . . . . . . . Parts Restored . | . . . . . . . . . Kills | -11 -10 -10 -10 -9 -9 -6 -6 -6 ------- Run | Yrd Mat Min Sub Rec Scr Fac Was Fac Combat Hostiles Destroyed 27 | . 7 . 9 8 . 3 . . Guns 11 | . 3 . 7 . . 1 . . Cannons 11 | . 1 . 1 7 . 2 . . AOE 3 | . 3 . . . . . . . Classes Destroyed 14 | 3 5 . 2 4 . . . . Worker 2 | 1 1 . . . . . . . Tunneler 6 | 6 . . . . . . . . Hauler 1 | . 1 . . . . . . . Recycler 1 | 1 . . . . . . . . Operator 1 | . 1 . . . . . . . Turret 2 | . . . 2 . . . . . Watcher 2 | . 2 . . . . . . . Swarmer 6 | . 6 . . . . . . . Grunt 1 | . 1 . . . . . . . Protector 1 | . . . . 1 . . . . Sentry 3 | . . . . 2 . 1 . . Demolisher 2 | . . . . 2 . . . . Programmer 6 | . . . . 4 . 2 . . Subdweller 16 | . . . 16 . . . . . Best Kill Streak 5 | 4 5 . 1 3 . 1 . . Combat Bots Only 3 | . 3 . 1 3 . 1 . . Max Kills in Single Turn 3 | 1 3 . 1 1 . 1 . . Gunslinging . | . . . . . . . . . Exploded 2 | . 2 . . . . . . . Melee . | . . . . . . . . . Uniques/NPCs Destroyed . | . . . . . . . . . Combat | -11 -10 -10 -10 -9 -9 -6 -6 -6 -------- Run | Yrd Mat Min Sub Rec Scr Fac Was Fac Hostile Shots Fired 279 | . 16 5 73 8 . 24 . 153 Missed 112 | . 5 . 24 1 . 8 . 74 Hits 167 | . 11 5 49 7 . 16 . 79 Projectile 167 | . 11 5 49 7 . 16 . 79 AOE 12 | . . 6 . 4 . 2 . . Critical Strikes 4 | . 1 . . . . . . 3 Damage Taken 2861 | . 88 207 940 161 . 285 . 1180 Core 1040 | . . 54 104 29 . . . 853 Absorbed by Shields 47 | . . . . 39 . 8 . . Ignored by Resistances 15 | . . . . . . 15 . . Core Remaining (%) 62 | 100 . . . . 25 . . . Volleys Fired 240 | 26 20 3 144 21 . 19 . 7 Largest 2 | 2 2 2 2 1 . 2 . 1 Hottest 120 | 40 88 112 120 80 . 118 . 15 Shots Fired 318 | 52 36 6 174 21 . 22 . 7 Gun 194 | 52 30 . 102 . . 3 . 7 Cannon 114 | . 2 6 66 21 . 19 . . Launcher 10 | . 4 . 6 . . . . . Special . | . . . . . . . . . Kinetic 137 | 52 30 . 42 . . 6 . 7 Thermal 155 | . 2 . 116 21 . 16 . . Explosive 10 | . 4 . 6 . . . . . Electromagnetic 16 | . . 6 10 . . . . . Robot Hit Streak 30 | 8 9 4 30 5 . 5 . 8 Robot Miss Streak 4 | 4 4 1 1 2 . 3 . 1 Penetration Max . | . . . . . . . . . Secondary Targets . | . . . . . . . . . Shots Hit Robots 185 | 32 15 5 105 16 . 6 . 6 Core Hits 75 | 12 17 1 31 10 . 2 . 2 Critical Kills 2 | . . . 1 1 . . . . Critical Parts Destroyed . | . . . . . . . . . Critical Strikes 2 | . . . 1 1 . . . . Meltdown 1 | . . . . 1 . . . . Destroy 1 | . . . 1 . . . . . Melee Attacks 6 | . . . . 6 . . . . Impact . | . . . . . . . . . Slashing 6 | . . . . 6 . . . . Piercing . | . . . . . . . . . Sneak Attacks 1 | . . . . 1 . . . . Combat Hostiles . | . . . . . . . . . Follow-up Attacks . | . . . . . . . . . Damage Inflicted 4095 | 348 477 126 2125 635 . 163 . 221 Guns 1785 | 348 165 . 1068 . . 34 . 170 Cannons 1622 | . 22 117 857 497 . 129 . . Explosions 490 | . 290 . 200 . . . . . Melee 138 | . . . . 138 . . . . Ramming 60 | . . 9 . . . . . 51 Kinetic 1098 | 348 165 . 328 . . 87 . 170 Thermal 2141 | . 22 . 1546 497 . 76 . . Explosive 372 | . 290 . 82 . . . . . Electromagnetic 286 | . . 117 169 . . . . . Impact . | . . . . . . . . . Slashing 138 | . . . . 138 . . . . Piercing . | . . . . . . . . . Highest Corruption 21 | . . . . . . 2 16 21 Average Corruption 8 | . . . . . . 2 10 16 Corruption Purged . | . . . . . . . . . Corruption Blocked . | . . . . . . . . . Effects 30 | . . . . . . 9 7 14 Message Errors 5 | . . . . . . 3 . 2 Matter Fused 11 | . . . . . . 1 3 7 Heat Flow Errors 3 | . . . . . . 1 . 2 Energy Discharges 2 | . . . . . . 2 . . Data Loss (minor) 3 | . . . . . . . 2 1 Data Loss (major) 1 | . . . . . . 1 . . Alerts 1 | . . . . . . 1 . . Misdirections 4 | . . . . . . . 2 2 Overload Shots . | . . . . . . . . . Overflow Damage 112 | . 5 . 11 62 . 34 . . Projectiles 80 | . . . 11 35 . 34 . . Explosions 5 | . 5 . . . . . . . Melee 27 | . . . . 27 . . . . Knockbacks 1 | . . . . . . . . 1 Impact 1 | . . . . . . . . 1 Kinetic . | . . . . . . . . . Secondary . | . . . . . . . . . Self-Inflicted Damage 50 | . . . 27 . . . . 23 Shots 1 | . . . 1 . . . . . Rammed 12 | . . 1 . . . . . 11 Targets Rammed 12 | . . 1 . . . . . 11 Kicked . | . . . . . . . . . Crushed . | . . . . . . . . . Highest Temperature 300 | . 60 33 140 300 . 194 . 266 Average Temperature 74 | . 32 23 29 121 . 70 . 120 Received Heat Transfer 555 | . 6 . 222 . . 45 . 282 Effects 1 | . . . . 1 . . . . Energy Bleed 1 | . . . . 1 . . . . Siege Activations . | . . . . . . . . . Martial Activations . | . . . . . . . . . Shielding Activations . | . . . . . . . . . Robots Disrupted . | . . . . . . . . . Combat Hostiles . | . . . . . . . . . Robots Corrupted 1 | . . . 1 . . . . . Combat Hostiles 1 | . . . 1 . . . . . Parts Fried 1 | . . . 1 . . . . . Impact Corruptions . | . . . . . . . . . Robots Melted 1 | . . . . 1 . . . . Combat Hostiles 1 | . . . . 1 . . . . Parts Melted 5 | . . . 3 2 . . . . Heat Transferred 2663 | . 37 . 1950 602 . 74 . . Parts Sabotaged . | . . . . . . . . . Parts Stolen . | . . . . . . . . . Parts Stripped . | . . . . . . . . . Power Chain Reactions 1 | . . . 1 . . . . . Alert | -11 -10 -10 -10 -9 -9 -6 -6 -6 ------- Run | Yrd Mat Min Sub Rec Scr Fac Was Fac Maximum Alert Level . | . . . . . . . . . Low Security (%) 100 | 100 100 100 . 100 . 100 100 100 Level 1 . | . . . . . . . . . Level 2 . | . . . . . . . . . Level 3 . | . . . . . . . . . Level 4 . | . . . . . . . . . Level 5 . | . . . . . . . . . High Security . | . . . . . . . . . Max Security . | . . . . . . . . . Peak Influence 125 | 10 100 20 . 118 . 31 . 125 Initial 20 | . . 20 . . . . . . Average 17 | 1 30 . . 27 . 4 . 17 Influence Increases 1436 | 40 280 . 301 461 . 135 . 219 Destroy 0b10 Robot/C 480 | . 140 . 100 180 . 60 . . Destroy 0b10 Robot/NC 90 | 40 25 . . 25 . . . . Destroy Leader 56 | . 26 . 10 . . 20 . . Allied During Kill 40 | . . . 11 29 . . . . Successful Hack 90 | . 15 . . 11 . 25 . 39 Select Force Hacks 240 | . 30 . . 210 . . . . Disable Machine 30 | . 30 . . . . . . . Destroy Structure 35 | . 14 . . 6 . 15 . . Lose Combat Pursuer 375 | . . . 180 . . 15 . 180 Influence Decreases 1311 | 40 227 53 301 425 36 135 . 94 Entered New Map 69 | . . 33 . . 36 . . . Time Decay 1053 | 40 227 20 229 331 . 122 . 84 Lost Part 82 | . . . 72 . . . . 10 Lost Ally 107 | . . . . 94 . 13 . . Squads Dispatched 9 | . 2 . . . . 3 . 4 Investigation 6 | . 2 . . . . 1 . 3 Extermination 3 | . . . . . . 2 . 1 Reinforcement . | . . . . . . . . . Assault . | . . . . . . . . . Garrison . | . . . . . . . . . Intercept . | . . . . . . . . . Searches Triggered . | . . . . . . . . . Construction Impeded . | . . . . . . . . . Haulers Reinforced . | . . . . . . . . . Active Scanning Responses . | . . . . . . . . . Cargo Convoy Interrupts . | . . . . . . . . . Stealth | -11 -10 -10 -10 -9 -9 -6 -6 -6 --------- Run | Yrd Mat Min Sub Rec Scr Fac Was Fac Distress Signals 1 | . 1 . . . . . . . Communications Jammed . | . . . . . . . . . Distress Signals . | . . . . . . . . . Times Spotted 72 | . 10 2 22 8 . 4 6 20 Peak Tracking Total 11 | . 4 2 3 2 . 1 6 11 Tactical Retreats 8 | . . . 3 . . 1 . 4 Traps | -11 -10 -10 -10 -9 -9 -6 -6 -6 ------- Run | Yrd Mat Min Sub Rec Scr Fac Was Fac Traps Triggered 6 | . 1 . 1 . . 1 . 3 Indirectly . | . . . . . . . . . Trap Hack Attempts . | . . . . . . . . . Triggered . | . . . . . . . . . Disarmed . | . . . . . . . . . Reprogrammed . | . . . . . . . . . Reused . | . . . . . . . . . Traps Extracted . | . . . . . . . . . Installed . | . . . . . . . . . Triggered . | . . . . . . . . . Machines | -11 -10 -10 -10 -9 -9 -6 -6 -6 ---------- Run | Yrd Mat Min Sub Rec Scr Fac Was Fac Machines Disabled 6 | . 2 . 4 . . . . . Max in Single Turn 2 | . 1 . 2 . . . . . Machines Repaired . | . . . . . . . . . Machines Dismantled . | . . . . . . . . . Machines Sabotaged . | . . . . . . . . . Overloaded Fab Kills . | . . . . . . . . . Hacking | -11 -10 -10 -10 -9 -9 -6 -6 -6 --------- Run | Yrd Mat Min Sub Rec Scr Fac Was Fac Machines Accessed 36 | . 7 1 4 13 2 5 . 4 Terminals 18 | . 6 1 . 6 . 2 . 3 Fabricators 2 | . . . . . . 2 . . Repair Stations . | . . . . . . . . . Recycling Units 10 | . 1 . . 7 . 1 . 1 Scanalyzers . | . . . . . . . . . Garrison Access . | . . . . . . . . . Total Hacks 82 | . 16 2 8 23 7 14 . 12 Successful 50 | . 8 1 8 15 7 6 . 5 Failed 31 | . 7 1 . 8 . 8 . 7 Catastrophic 5 | . . . . . . 3 . 2 Database Lockouts 1 | . 1 . . . . . . . Manual 59 | . 16 2 . 22 . 10 . 9 Terminals 50 | . 15 2 . 15 . 7 . 11 Fabricators 5 | . . . . . . 5 . . Repair Stations . | . . . . . . . . . Recycling Units 12 | . 1 . . 8 . 2 . 1 Scanalyzers . | . . . . . . . . . Garrison Access . | . . . . . . . . . Terminal Hacks 23 | . 1 1 8 2 7 1 . 3 Record 6 | . . . 5 . . . . 1 Part Schematic 1 | . . . . . . 1 . . Robot Analysis 8 | . 1 1 . . 6 . . . Prototype ID Bank 1 | . . . . 1 . . . . Open Door 1 | . . . 1 . . . . . Branch Access Points 1 | . . . . . . . . 1 Hauler Manifests 1 | . . . . . . . . 1 Zone Layout 1 | . . . . 1 . . . . Proto ID Catalog 2 | . . . 1 . 1 . . . Release Object 1 | . . . 1 . . . . . Fabricator Hacks 2 | . . . . . . 2 . . Load Schematic 1 | . . . . . . 1 . . Build 1 | . . . . . . 1 . . Repair Station Hacks . | . . . . . . . . . Recycling Unit Hacks . | . . . . . . . . . Scanalyzer . | . . . . . . . . . Garrison Access Hacks . | . . . . . . . . . Unauthorized Hacks 25 | . 7 . . 13 . 3 . 2 Terminals 14 | . 6 . . 6 . 1 . 1 Botnet 4 | . 1 . . 1 . 1 . 1 Skim 10 | . 5 . . 5 . . . . Fabricators 1 | . . . . . . 1 . . Prioritize 1 | . . . . . . 1 . . Repair Stations . | . . . . . . . . . Recycling Units 10 | . 1 . . 7 . 1 . 1 Tunnel 8 | . 1 . . 7 . . . . Fedlink 1 | . . . . . . 1 . . Scrapoids 1 | . . . . . . . . 1 Scanalyzers . | . . . . . . . . . Garrison Access . | . . . . . . . . . Data Cores Recovered . | . . . . . . . . . Used . | . . . . . . . . . Hacking Detections 20 | . 6 1 . 5 . 5 . 3 Full Trace Events 1 | . 1 . . . . . . . Feedback Events . | . . . . . . . . . Feedback Blocked . | . . . . . . . . . Robot Schematics Acquired . | . . . . . . . . . Robots Built . | . . . . . . . . . Authchips . | . . . . . . . . . Time . | . . . . . . . . . Total Robot Build Rating . | . . . . . . . . . Part Schematics Acquired 20 | . . . . . 7 7 2 4 Parts Built 1 | . . . . . . 1 . . Authchips 1 | . . . . . . 1 . . Time 46 | . . . . . . 46 . . Total Part Build Rating 7 | . . . . . . 7 . . Part Studies Acquired . | . . . . . . . . . Parts Repaired . | . . . . . . . . . Time . | . . . . . . . . . Parts Recycled . | . . . . . . . . . Recycled Matter . | . . . . . . . . . Retrieved Matter . | . . . . . . . . . Retrieved Components . | . . . . . . . . . Parts Scanalyzed . | . . . . . . . . . Part Schematics Acquired . | . . . . . . . . . Parts Damaged . | . . . . . . . . . Bothacking | -11 -10 -10 -10 -9 -9 -6 -6 -6 ------------ Run | Yrd Mat Min Sub Rec Scr Fac Was Fac Used RIF Installer . | . . . . . . . . . Robots Hacked . | . . . . . . . . . Non-combat . | . . . . . . . . . Combat . | . . . . . . . . . Robot Hacks Applied . | . . . . . . . . . Relay Couplers Released . | . . . . . . . . . Fabnet Peak Effective % . | . . . . . . . . . Robots Rewired 14 | . . . . 14 . . . . Allies Hacked . | . . . . . . . . . Hacks Repelled . | . . . . . . . . . Allies | -11 -10 -10 -10 -9 -9 -6 -6 -6 -------- Run | Yrd Mat Min Sub Rec Scr Fac Was Fac Total Allies 21 | . . . 7 14 . . . . Largest Group 9 | . . . 5 9 8 8 . . Highest-Rated Group 156 | . . . 95 156 124 124 . . Highest-Rated Ally 34 | . . . 20 34 27 27 . . Total Orders . | . . . . . . . . . Ally Attacks 27 | . . . 7 16 . 4 . . Total Damage 690 | . . . 195 376 . 119 . . Kills 6 | . . . 3 3 . . . . Allies Corrupted . | . . . . . . . . . Allies Melted . | . . . . . . . . . Intel | -11 -10 -10 -10 -9 -9 -6 -6 -6 ------- Run | Yrd Mat Min Sub Rec Scr Fac Was Fac Active Infowar (turns) 5678 | 101 907 100 1863 . 1604 757 106 240 Sensors 328 | . . . . . . . 88 240 Seismic 5350 | 101 907 100 1863 . 1604 757 18 . Robot Analysis Total 8 | . 1 1 . . 6 . . . Derelict Logs Recovered 8 | . . 1 2 . 5 . . . Drone Launches . | . . . . . . . . . Drone Recoveries . | . . . . . . . . . Exploration | -11 -10 -10 -10 -9 -9 -6 -6 -6 ------------- Run | Yrd Mat Min Sub Rec Scr Fac Was Fac Turns Passed 15272 | 317 907 666 7893 1501 2775 757 106 350 Spaces Moved 6957 | 143 438 398 2670 694 1613 422 131 448 Core 300 | 2 . . . . . . 121 177 Treads 4521 | 141 438 398 1777 . 1335 422 10 . Legs . | . . . . . . . . . Wheels 1865 | . . . 893 694 278 . . . Hover 271 | . . . . . . . . 271 Flight . | . . . . . . . . . Fastest Speed 50 | 50 160 160 150 160 110 160 50 50 Average Speed 201 | 158 160 160 279 184 166 160 58 60 Slowest Speed 560 | 160 160 160 560 210 210 160 160 110 Overloaded Moves . | . . . . . . . . . Propulsion Burnouts . | . . . . . . . . . Robots Hopped . | . . . . . . . . . Potential Cave-ins . | . . . . . . . . . Cave-ins Triggered . | . . . . . . . . . Exploration Rate (%) 63 | 6 82 98 93 97 84 21 82 10 Regions Visited 8 Branch Regions 4 Pre-discovered Areas 12 | . 2 . . 9 1 . . . Known Exits Taken 2 | . 1 1 . . . . . . Unknown Exits Taken 4 | 1 . . 1 1 1 . . . Scrap Searched 21 | . . 1 17 . 3 . . . Spaces Dug 23 | . 8 . 2 2 . 11 . . Terrain Destroyed 63 | . 17 . 26 6 . 14 . . Melee 2 | . . . . 2 . . . . Projectile 22 | . . . 4 4 . 14 . . AOE 39 | . 17 . 22 . . . . . Terrain Rammed . | . . . . . . . . . Walls Destroyed . | . . . . . . . . . Machines Disabled . | . . . . . . . . . Actions | -11 -10 -10 -10 -9 -9 -6 -6 -6 --------- Run | Yrd Mat Min Sub Rec Scr Fac Was Fac Total 7914 | 183 612 417 2934 880 1715 482 168 523 Wait 305 | . 128 8 34 5 65 10 15 40 Move 6950 | 142 437 397 2669 693 1612 422 130 448 Hop . | . . . . . . . . . Pick Up 101 | 8 10 . 42 16 17 5 1 2 Fast Attach 23 | 7 2 . 2 . 1 8 1 2 Attach 22 | . 1 1 8 . 2 4 2 4 Detach 12 | . 2 . 2 . 1 1 3 3 Swap 44 | . 6 7 21 2 2 6 . . Drop 64 | . 6 . 12 2 15 7 16 6 Fire 240 | 26 20 3 144 21 . 19 . 7 Melee 6 | . . . . 6 . . . . Ram 11 | . . . . . . . . 11 Kick . | . . . . . . . . . Crush 1 | . . 1 . . . . . . Escape Stasis . | . . . . . . . . . Rewire 135 | . . . . 135 . . . . Trap . | . . . . . . . . . Miscellaneous . | . . . . . . . . . Route ------- -11/Scrapyard -10/Materials (discovered 5 exits: *Mat x3 / *Min / Sub) -10/Mines (discovered 3 exits: *Mat x2 / *Sub) -10/Subcaves (discovered 4 exits: [*Mat x2] / *Rec / *Scr) -9/Recycling (discovered 2 exits: [*Fac] / *Scr) -9/Scraptown (discovered 2 exits: *Fac x2) -6/Factory (discovered 3 exits: *Fac x2 / Low) -6/Waste -6/Factory (discovered 3 exits: *Fac / Low x2) History --------- Turn | Location | Event 26 | -11/Scrapyard | Discovered new exit (range 16) 318 | -11/Scrapyard | Entered Materials 319 | -10/Materials | Build established: Mutant 576 | -10/Materials | Discovered new exit (range 13) 703 | -10/Materials | Central database locked down 913 | -10/Materials | Discovered new exit (range 12) 975 | -10/Materials | Learned Storage security intel 1019 | -10/Materials | Identified exit to Materials 1053 | -10/Materials | Learned location of Mines (-10) 1079 | -10/Materials | Learned Storage machine intel 1096 | -10/Materials | Identified exit to Mines 1096 | -10/Materials | Identified exit to Subcaves 1104 | -10/Materials | Loaded intel: 10 trap records 1111 | -10/Materials | Learned Storage terminal intel 1225 | -10/Materials | Entered Mines 1282 | -10/Mines | Assembled infested the area 1574 | -10/Mines | Learned 4 Materials zone layouts 1574 | -10/Mines | Discovered exit to Materials (range 6) 1867 | -10/Mines | Discovered exit to Subcaves (range 13) 1891 | -10/Mines | Entered Subcaves 1892 | -10/Subcaves | Approached by a straggling Scientist 1911 | -10/Subcaves | Learned Materials trap positions 2204 | -10/Subcaves | Disturbed a concealed Subdweller 2215 | -10/Subcaves | Core integrity fell below 50% 2292 | -10/Subcaves | Discovered new exit (range 14) 2309 | -10/Subcaves | Shifting Twisted Machinery released Sub. Laser 2367 | -10/Subcaves | Shifting Twisted Machinery released Sub. Laser 2388 | -10/Subcaves | A swath of the cavern ceiling suddenly collapsed 2691 | -10/Subcaves | A swath of the cavern ceiling suddenly collapsed 2805 | -10/Subcaves | Build established: Scavenger-Mutant 3222 | -10/Subcaves | Discovered new exit (range 10) 3275 | -10/Subcaves | Visited Clippyterm 3280 | -10/Subcaves | Learned Factory fabricator intel 3325 | -10/Subcaves | Disturbed a concealed Subdweller 3548 | -10/Subcaves | Visited triangular shrine 3557 | -10/Subcaves | Found Prototype Device 3787 | -10/Subcaves | Identified V3-11A's Pendant 3795 | -10/Subcaves | A Subdweller sparked back to life 3795 | -10/Subcaves | A Subdweller sparked back to life 3795 | -10/Subcaves | A Subdweller sparked back to life 3797 | -10/Subcaves | Befriended Subdweller 3797 | -10/Subcaves | Befriended Subdweller 3797 | -10/Subcaves | Befriended Subdweller 3927 | -10/Subcaves | Found Prototype Energy Cannon 4084 | -10/Subcaves | Build established: Mutant 4147 | -10/Subcaves | Befriended Subdweller 4158 | -10/Subcaves | Shifting Twisted Machinery released Barrage Gun 4190 | -10/Subcaves | Discovered new exit (range 9) 5457 | -10/Subcaves | Befriended Subdweller 5660 | -10/Subcaves | Visited 4L-MR0's lab 5694 | -10/Subcaves | Identified Powered Cannon 5710 | -10/Subcaves | Found Tower Shield 5942 | -10/Subcaves | Befriended Subdweller 5982 | -10/Subcaves | Befriended Subdweller 6189 | -10/Subcaves | Shifting Twisted Machinery released Sub. Optics 7727 | -10/Subcaves | Lost 7 parts (1p3n1u1w) 7836 | -10/Subcaves | Found SUBCON Basin 8003 | -10/Subcaves | Build established: Hauler-Mutant 9740 | -10/Subcaves | Murdered 5 allies 9784 | -10/Subcaves | Entered Recycling 9978 | -9/Recycling | Discovered new exit (range 8) 10263 | -9/Recycling | Learned Storage emergency access door positions 10317 | -9/Recycling | Loaded intel: 7 recycling unit locations 10328 | -9/Recycling | Learned 4 Materials zone layouts 10333 | -9/Recycling | Learned Materials stockpile data 10339 | -9/Recycling | Learned 2 Storage zone layouts 10354 | -9/Recycling | Learned 2 Storage zone layouts 10898 | -9/Recycling | Build established: Commander-Mutant 11011 | -9/Recycling | Scanned before Scraplab entrance 11043 | -9/Recycling | Entered Scraplab 11273 | -9/Recycling | Discovered new exit (range 3) 11285 | -9/Recycling | Entered Scraptown 11285 | -9/Scraptown | Accompanied by 8 allies 11355 | -9/Scraptown | Heard Great Nut preacher, LISTEN AND RECITE! 11432 | -9/Scraptown | Delivered V3-11A's Pendant to T0-NE2 in exchange for information 11621 | -9/Scraptown | Discovered new exit (range 11) 11708 | -9/Scraptown | Scanned Subdweller tech in exchange for log data 11714 | -9/Scraptown | Learned location of 2 exits from Factory 11716 | -9/Scraptown | Learned Research trap positions 11718 | -9/Scraptown | Learned Factory stockpile data 11720 | -9/Scraptown | Learned 12 Factory zone layouts 11772 | -9/Scraptown | Visited Fellowship of the Rings 11936 | -9/Scraptown | Visited IN-MT5's Study 11967 | -9/Scraptown | Visited Shadow of the Wyrm 12228 | -9/Scraptown | Visited SPCMW 12237 | -9/Scraptown | Visited Spacefarers 12255 | -9/Scraptown | Visited Cave Peace 12290 | -9/Scraptown | Visited UFD Registry 12290 | -9/Scraptown | Registered with UFD as "Pipebox" 12349 | -9/Scraptown | Visited Infowarlord's Domain 12376 | -9/Scraptown | Visited Scrapoid Research Area 12410 | -9/Scraptown | Visited Chapter 10 12432 | -9/Scraptown | Visited Curators Association 12469 | -9/Scraptown | Visited Scrap Suit Storage 12490 | -9/Scraptown | Visited Research Penetration Think Tank 12543 | -9/Scraptown | Visited Analyses Database 12580 | -9/Scraptown | Visited Science Guys 12634 | -9/Scraptown | Visited LU-1G1's Boring Crew 13207 | -9/Scraptown | Found Exp. Signal Interpreter 13578 | -9/Scraptown | Visited CPS Storage 13740 | -9/Scraptown | Tech Extrapolator generated special schematic: Deep Structural Scanner 13963 | -9/Scraptown | Met Optimus 13963 | -9/Scraptown | Accepted into 0bPrime 13973 | -9/Scraptown | Tech Extrapolator generated special schematic: Machine Rigger 14040 | -9/Scraptown | Discovered new exit (range 5) 14060 | -9/Scraptown | Entered Factory 14060 | -6/Factory | Accompanied by 8 allies 14060 | -6/Factory | Evolved 8 slots: Power x1, Propulsion x3, Utility x3, Weapon x1 14061 | -6/Factory | Identified exit to Factory 14062 | -6/Factory | Identified exit to Lower Caves 14064 | -6/Factory | Loaded intel: 6 fabricator locations 14173 | -6/Factory | P-60 Hacker assimilated allied Defender 2b 14208 | -6/Factory | Lost 3 allies 14234 | -6/Factory | Loaded intel: 8 recycling unit locations 14354 | -6/Factory | Fabricated Machine Rigger? 14548 | -6/Factory | Build established: Tank 14554 | -6/Factory | Spotted B-75 Beast 14817 | -6/Factory | Sucked down chute 14817 | -6/Factory | Entered Waste 14829 | -6/Waste | Spotted C-40 Crusher 14832 | -6/Waste | EMP discharged 14832 | -6/Waste | System corruption reached 10% 14849 | -6/Waste | Spotted C-40 Crusher 14850 | -6/Waste | Spotted C-40 Crusher 14851 | -6/Waste | Spotted C-40 Crusher 14852 | -6/Waste | Spotted C-40 Crusher 14863 | -6/Waste | Spotted C-40 Crusher 14893 | -6/Waste | Found Corrupted Prototype Processor 14893 | -6/Waste | Identified Exp. Targeting Computer 14915 | -6/Waste | Discovered new exit (range 16) 14923 | -6/Waste | Entered Factory 15043 | -6/Factory | Discovered exit to Factory (range 2) 15131 | -6/Factory | Build established: Hacker-Mutant 15206 | -6/Factory | Lost 4 parts (1p1n2u) 15219 | -6/Factory | Core integrity fell below 50% 15244 | -6/Factory | Core integrity fell below 20% 15273 | -6/Factory | Destroyed by P-60 Hacker with Shock Rifle Last Messages --------------- 15229_ Slammed into T-07 Excavator. 15230_ System corrupted: Matter fused (-5). 15233_ Slammed into T-07 Excavator. 15233_ Destabilizing: Core damaged (-34). 15236_ Triggered Proton Bomb Trap. 15236_ A bubble of electromagnetic force engulfs the area. 15236_ Door malfunctions. 15236_ Emergency Access malfunctions. 15242_ Critical hit (Burn: +37). 15249_ R-10 Processor collects Structural Scanner. 15253_ R-10 Processor collects Wheel. 15254_ U-05 Engineer lays Concrete. 15260_ Slammed into P-60 Hacker. 15261_ Destabilizing: Core damaged (-8). 15262_ Slammed into P-60 Hacker. 15262_ P-60 Hacker knocked back. 15263_ Slammed into P-60 Hacker. 15266_ System corrupted: Matter fused (-8). Map ----- +----------------------------------------------------+ | ???????" ??# # #???????????????? | | ???????" ??# + #????????????????# | | ??????? ?# # #????????????????# | | ???????" """ ?# ###########??????#######???# | | ???????" """ # #????????????????# ??# | | ???? """ """ # #????#???????????# ??# | | ?# + #??? ###?????????# ?# | | ?# ! # #?# ##????????# ?# | | ???############ #? #????????# # | | ???# ! *#???# # #????????# # | | ???# #???# # #????????# + | | ???# " !! #???# #????????????# # | | ???#"Y !! #???# # ##????????????########### | | ???#"" ! #??## ####?????????????# """ + | | ???# #??# #????#####??????# """ # | | ???####/###### T" #????# ??????# """ # | | ???# " #????# ""?????# + | | ???# ###### #????# = """????# # | | ???# # # #????# """" #?# # | | ???# + #######????# """" #?# ! "T" # | | ???# #### #??????????# """" #?# """ # | | ???# #??# #??????????# """" #?########### | | ???# #??# #??????????# """" #???????????# | | ???# #??######??????????# #???????????# | | ???# #######################+################# | | ???# p @ h | | ???######################### ######## | | ???????????????????????????# # | | ???????????????????????????# < + "" | | ???????????????????????????###########= # | | ?????????????????????????????????????##### "" | | ?????????????????????????????????????????# | | ?????????????????????????????????????????##### | | | | | | | | | | | | | | | | | | | | | | | | | | | | | | | | | | | +----------------------------------------------------+ Best States ------------- Heat Dissipation 37 Energy Generation 28 Energy Capacity 370 Matter Stores 300 Matter Capacity 300 Sight Range 16 Robot Scan Range 16 Terrain Scan Density 10 Armor Coverage 225 Resistance: EM 20 Evasion (%) 53 Targeting Accuracy 12 Recoil Reduction 5 Offensive Hacking 11 Defensive Hacking 12 Authchip Count 13 Item Schematics ----------------- Spk. Treads | -9/Scraptown | Extrapolated Mak. Leg | -9/Scraptown | Extrapolated Lgt. Humpback | -9/Scraptown | Extrapolated Deep Structural Scanner | -9/Scraptown | Extrapolated 0b10 Decoder Chip [Skirmisher] | -9/Scraptown | Extrapolated Mak. Coolant Network | -9/Scraptown | Extrapolated Machine Rigger | -9/Scraptown | Extrapolated Spk. Medium Treads | -6/Factory | Extrapolated Tactical Coordination Suite | -6/Factory | Extrapolated Bore Cannon | -6/Factory | Extrapolated Cmb. Airjet | -6/Factory | Hacked 0b10 Decoder Chip [Looter] | -6/Factory | Extrapolated Mak. Light Armor Plating | -6/Factory | Extrapolated Mak. Weapon Shielding | -6/Factory | Extrapolated Spk. Heavy Treads | -6/Waste | Extrapolated Mak. Targeting Computer | -6/Waste | Extrapolated Mak. Hover Unit | -6/Factory | Extrapolated Mak. System Shield | -6/Factory | Extrapolated Mapping Drone Bay | -6/Factory | Extrapolated Mak. Hacking Suite | -6/Factory | Extrapolated Robot Schematics ------------------ None Fabricated ------------ Machine Rigger | x1 | -6/Factory | Authchip Repaired ---------- Nothing Studied --------- None Alien Tech Used ----------------- None Achievements -------------- Low-level Research Physics Hates This One Trick SUBSUB Scientist At Large Challenges ------------ None Game ------ Seed NullTrackerAutobeam Manual? 0 Play Time 01:02:59 Cumulative 174.5 hours Start 2025.10.21 @ 17:54:34 End 2025.10.21 @ 21:06:09 Sessions 3 Manual Loads 0 Difficulty Rogue Special Mode None Game No. 155 Rogue 155 Adventurer 0 Explorer 0 Win Type - Total 6 Types 5/0/1/0/0/0/0/0/0/0 Lore% 78 Gallery% 69 Achievement% 52 Wizard Run 0 Options --------- Layout 1 ASCII 0 Keyboard 1 Movement Arrows Keybinds 0 Fullscreen 1 Font 24/Smallcaps Map View 50x40 Zoom Use 0% Tactical HUD 1 Map Filters NONE Filters NONE Steam 1 RUN: 1fb79af7-0f00-4482-9477-5f4ff8b9d5cd